[ PARTIDA AOE2 · #479172592 ]
Team RMWu vs Goths
[ ANÁLISIS DE REPETICIÓN · EXTRAÍDO DE LA PARTIDA GRABADA ]
Feudal
15:06
Castillos
32:42
Imperial
—
| APM promedio | 18.9 |
| APM pico | 78 |
| eAPM promedio | 8.6 |
| Aldeanos / militares | 44 / 53 |
Foco
⚔️ 31.9% · 🌾 68.1%
Spearman ×34 · Archer ×19
Feudal
11:02
Castillos
24:53
Imperial
—
| APM promedio | 13.5 |
| APM pico | 44 |
| eAPM promedio | 9.3 |
| Aldeanos / militares | 94 / 65 |
Foco
⚔️ 16.4% · 🌾 83.6%
Militia ×60 · Spearman ×5 · Trade Cart ×3
Feudal
12:47
Castillos
—
Imperial
—
| APM promedio | 8.4 |
| APM pico | 26 |
| eAPM promedio | 4.8 |
| Aldeanos / militares | 41 / 12 |
Foco
⚔️ 20.2% · 🌾 79.8%
Skirmisher ×9 · Archer ×3
Feudal
10:29
Castillos
30:13
Imperial
—
| APM promedio | 10.4 |
| APM pico | 35 |
| eAPM promedio | 5.8 |
| Aldeanos / militares | 48 / 88 |
Foco
⚔️ 28.5% · 🌾 71.5%
Knight ×65 · Scout Cavalry ×23
Mapa de la partida
Recursos iniciales + cada clic de construcción. Líneas = muros · curvas = relieve. ◆ oro · ⬟ piedra · ● bayas · ✦ reliquia · ◌ hueco del cierre
Tu base· Abierta — flanco sin cerrar
Base de SHOOTthatSNAKE· ✓ Cerrada en 24:53 · 57t muro · 1 puerta(s)
Base de musaugal7· Abierta — flanco sin cerrar
Base de Cookie Monster· Abierta — flanco sin cerrar
Terreno inicial suavizado · ◌ = hueco del cierre detectado · pasá el cursor para detalles
Inputs por minuto
— Madeline - - SHOOTthatSNAKE
Build order — Madeline
138 acciones detectadas en el replay
| 0:22 | Construir | House |
| 0:24 | Construir | House |
| 0:27 | Construir | House |
| 0:31 | Construir | House |
| 0:33 | Construir | House |
| 0:35 | Construir | House |
| 0:44 | Construir | House |
| 0:46 | Construir | House |
| 0:54 | Investigar | Loom |
| 0:54 | Crear | Villager (Male) ×4 |
| 4:06 | Crear | Villager (Male) ×3 |
| 5:19 | Crear | Villager (Male) |
| 5:20 | Crear | Villager (Male) |
| 5:20 | Crear | Villager (Male) |
| 5:20 | Crear | Villager (Male) |
| 5:20 | Crear | Villager (Male) |
| 5:58 | Crear | Villager (Male) |
| 5:59 | Crear | Villager (Male) |
| 5:59 | Crear | Villager (Male) |
| 5:59 | Crear | Villager (Male) |
| 6:29 | Crear | Villager (Male) |
| 6:29 | Crear | Villager (Male) |
| 6:57 | Crear | Villager (Male) |
| 6:57 | Crear | Villager (Male) |
| 7:10 | Crear | Villager (Male) |
| 7:10 | Crear | Villager (Male) |
| 7:11 | Crear | Villager (Male) |
| 7:59 | Construir | Mill |
| 8:10 | Crear | Villager (Male) |
| 8:10 | Crear | Villager (Male) |
| 8:10 | Crear | Villager (Male) |
| 9:40 | Construir | Farm |
| 10:05 | Construir | Lumber Camp |
| 10:09 | Crear | Villager (Male) |
| 10:09 | Crear | Villager (Male) |
| 11:23 | Crear | Villager (Male) |
| 11:23 | Crear | Villager (Male) |
| 11:24 | Crear | Villager (Male) |
| 11:54 | Construir | Barracks |
| 12:56 | Investigar | Feudal Age |
| 13:06 | Construir | Farm |
| 15:06 | Edad | Edad Feudal |
| 15:12 | Crear | Spearman |
| 15:13 | Crear | Spearman |
| 15:13 | Crear | Spearman |
| 15:14 | Crear | Spearman |
| 15:14 | Crear | Spearman |
| 15:14 | Crear | Spearman |
| 15:14 | Crear | Spearman |
| 15:14 | Crear | Spearman |
| 15:24 | Construir | Farm |
| 15:32 | Construir | Mining Camp |
| 15:39 | Investigar | Horse Collar |
| 16:00 | Construir | Blacksmith |
| 16:07 | Crear | Villager (Male) |
| 16:08 | Crear | Villager (Male) |
| 16:08 | Crear | Villager (Male) |
| 16:08 | Crear | Villager (Male) |
| 16:08 | Crear | Villager (Male) |
| 16:49 | Crear | Villager (Male) |
| 17:25 | Construir | Mining Camp |
| 17:37 | Construir | House |
| 17:41 | Construir | House |
| 17:43 | Construir | House |
| 17:48 | Construir | House |
| 17:50 | Construir | House |
| 18:03 | Construir | Market |
| 18:30 | Construir | Archery Range |
| 18:39 | Investigar | Wheelbarrow |
| 19:15 | Construir | Lumber Camp |
| 20:34 | Construir | Lumber Camp |
| 20:54 | Crear | Spearman ×5 |
| 20:56 | Crear | Spearman ×2 |
| 20:58 | Crear | Villager (Male) ×2 |
| 21:12 | Construir | Farm |
| 21:47 | Investigar | Town Watch |
| 22:01 | Investigar | Double-Bit Axe |
| 23:23 | Crear | Archer ×5 |
| 23:24 | Crear | Archer ×5 |
| 23:29 | Crear | Archer ×4 |
| 23:37 | Crear | Villager (Male) |
| 23:38 | Crear | Villager (Male) |
| 23:38 | Crear | Villager (Male) |
| 23:38 | Crear | Villager (Male) |
| 23:52 | Construir | Farm |
| 23:53 | Construir | Farm |
| 23:55 | Construir | Farm |
| 24:46 | Construir | Stable |
| 25:03 | Crear | Villager (Male) |
| 25:18 | Construir | Farm |
| 25:20 | Construir | Farm |
| 25:22 | Construir | Farm |
| 25:24 | Construir | Farm |
| 25:37 | Investigar | Fletching |
| 25:40 | Investigar | Scale Mail Armor |
| 27:35 | Investigar | Forging |
| 27:36 | Investigar | Padded Archer Armor |
| 27:51 | Construir | Mill |
| 27:56 | Construir | Farm |
| 27:58 | Construir | Farm |
| 28:00 | Construir | Farm |
| 28:03 | Construir | Farm |
| 28:35 | Construir | Watch Tower |
| 29:40 | Construir | Farm |
| 29:42 | Construir | Farm |
| 30:02 | Investigar | Castle Age |
| 32:23 | Crear | Spearman |
| 32:23 | Crear | Spearman |
| 32:23 | Crear | Spearman |
| 32:24 | Crear | Spearman |
| 32:24 | Crear | Spearman |
| 32:24 | Crear | Spearman |
| 32:28 | Crear | Spearman |
| 32:28 | Crear | Spearman |
| 32:42 | Edad | Edad de los Castillos |
| 32:47 | Investigar | Town Patrol |
| 32:51 | Investigar | Crossbowman (upgrade) |
| 32:58 | Investigar | Pikeman (upgrade) |
| 33:08 | Investigar | Squires |
| 33:10 | Crear | Spearman |
| 33:10 | Crear | Spearman |
| 33:10 | Crear | Spearman |
| 33:10 | Crear | Spearman |
| 33:11 | Crear | Spearman |
| 33:11 | Crear | Spearman |
| 33:40 | Construir | Castle |
| 35:43 | Crear | Spearman |
| 35:43 | Crear | Spearman |
| 35:44 | Crear | Spearman |
| 35:44 | Crear | Spearman |
| 35:44 | Crear | Spearman |
| 35:47 | Crear | Archer |
| 35:47 | Crear | Archer |
| 35:47 | Crear | Archer |
| 35:48 | Crear | Archer |
| 35:48 | Crear | Archer |
| 35:55 | Investigar | Chain Mail Armor |
| 35:56 | Investigar | Bodkin Arrow |
Build order — SHOOTthatSNAKE
Primeras 150 de 196 acciones detectadas
| 0:09 | Construir | House |
| 0:11 | Construir | House |
| 0:17 | Crear | Villager (Male) |
| 0:17 | Crear | Villager (Male) |
| 0:17 | Crear | Villager (Male) |
| 0:17 | Crear | Villager (Male) |
| 0:18 | Crear | Villager (Male) |
| 2:07 | Construir | Lumber Camp |
| 2:09 | Crear | Villager (Male) |
| 2:09 | Crear | Villager (Male) |
| 2:38 | Crear | Villager (Male) |
| 2:38 | Crear | Villager (Male) |
| 2:38 | Crear | Villager (Male) |
| 2:38 | Crear | Villager (Male) |
| 3:10 | Crear | Villager (Male) |
| 3:10 | Crear | Villager (Male) |
| 3:32 | Crear | Villager (Male) |
| 3:32 | Crear | Villager (Male) |
| 4:04 | Construir | House |
| 4:06 | Construir | House |
| 4:44 | Crear | Villager (Male) |
| 4:44 | Crear | Villager (Male) |
| 4:44 | Crear | Villager (Male) |
| 4:53 | Construir | Mill |
| 5:09 | Crear | Villager (Male) |
| 5:09 | Crear | Villager (Male) |
| 5:09 | Crear | Villager (Male) |
| 5:21 | Crear | Villager (Male) |
| 5:50 | Crear | Villager (Male) |
| 5:51 | Crear | Villager (Male) |
| 5:55 | Crear | Villager (Male) |
| 6:28 | Crear | Villager (Male) |
| 6:28 | Crear | Villager (Male) |
| 6:39 | Crear | Villager (Male) |
| 6:39 | Crear | Villager (Male) |
| 6:40 | Crear | Villager (Male) |
| 7:25 | Construir | Mining Camp |
| 8:00 | Construir | Barracks |
| 8:52 | Investigar | Feudal Age |
| 8:59 | Construir | House |
| 9:19 | Crear | Militia |
| 9:35 | Crear | Militia ×3 |
| 9:58 | Crear | Militia |
| 10:08 | Construir | House |
| 10:14 | Construir | House |
| 10:30 | Construir | Palisade Wall |
| 10:38 | Construir | Palisade Gate |
| 11:02 | Edad | Edad Feudal |
| 11:08 | Construir | Blacksmith |
| 11:15 | Investigar | Man-at-Arms (upgrade) |
| 11:19 | Crear | Villager (Male) |
| 11:19 | Crear | Villager (Male) |
| 11:19 | Crear | Villager (Male) |
| 11:19 | Crear | Villager (Male) |
| 11:20 | Crear | Villager (Male) |
| 11:20 | Crear | Villager (Male) |
| 11:20 | Crear | Villager (Male) |
| 12:20 | Construir | Farm |
| 12:23 | Construir | Farm |
| 13:13 | Construir | Farm |
| 13:15 | Construir | Farm |
| 13:35 | Construir | Farm |
| 13:49 | Construir | Farm |
| 14:38 | Construir | Palisade Wall |
| 15:21 | Construir | Farm |
| 15:29 | Crear | Villager (Male) |
| 15:29 | Crear | Villager (Male) |
| 15:29 | Crear | Villager (Male) |
| 15:29 | Crear | Villager (Male) |
| 15:30 | Crear | Villager (Male) |
| 15:30 | Crear | Villager (Male) |
| 15:30 | Crear | Villager (Male) |
| 15:31 | Crear | Villager (Male) |
| 15:31 | Crear | Villager (Male) |
| 15:31 | Crear | Villager (Male) |
| 15:31 | Crear | Villager (Male) |
| 15:31 | Crear | Villager (Male) |
| 16:33 | Construir | Market |
| 16:38 | Construir | House |
| 16:39 | Construir | House |
| 16:40 | Construir | House |
| 16:45 | Construir | Farm |
| 18:18 | Crear | Militia ×5 |
| 18:19 | Crear | Militia ×5 |
| 18:51 | Construir | Palisade Wall |
| 19:02 | Crear | Villager (Male) |
| 19:02 | Crear | Villager (Male) |
| 19:04 | Crear | Villager (Male) |
| 19:04 | Crear | Villager (Male) |
| 19:13 | Construir | Farm |
| 19:20 | Construir | Farm |
| 19:24 | Construir | Farm |
| 19:29 | Construir | Farm |
| 19:33 | Construir | Farm |
| 19:38 | Construir | Farm |
| 19:42 | Construir | Farm |
| 19:50 | Construir | Farm |
| 19:54 | Construir | Farm |
| 20:11 | Crear | Spearman ×5 |
| 20:31 | Construir | Farm |
| 20:34 | Investigar | Forging |
| 20:34 | Investigar | Scale Mail Armor |
| 21:03 | Construir | Farm |
| 21:07 | Construir | Farm |
| 21:50 | Construir | Farm |
| 21:58 | Construir | Farm |
| 22:13 | Investigar | Castle Age |
| 22:24 | Crear | Trade Cart |
| 22:25 | Crear | Trade Cart |
| 22:26 | Crear | Trade Cart |
| 22:52 | Construir | Farm |
| 22:56 | Construir | Farm |
| 23:06 | Investigar | Double-Bit Axe |
| 23:08 | Investigar | Wheelbarrow |
| 23:12 | Investigar | Horse Collar |
| 23:21 | Crear | Villager (Male) |
| 23:21 | Crear | Villager (Male) |
| 24:53 | Edad | Edad de los Castillos |
| 25:05 | Construir | House |
| 25:08 | Construir | House |
| 25:09 | Construir | House |
| 25:13 | Construir | House |
| 25:14 | Construir | House |
| 25:15 | Construir | House |
| 25:16 | Construir | House |
| 25:18 | Construir | House |
| 25:22 | Construir | House |
| 25:23 | Construir | House |
| 25:26 | Construir | House |
| 25:28 | Construir | House |
| 25:55 | Investigar | Iron Casting |
| 25:56 | Investigar | Chain Mail Armor |
| 25:59 | Investigar | Long Swordsman (upgrade) |
| 26:00 | Investigar | Squires |
| 27:52 | Construir | Town Center |
| 29:04 | Crear | Villager (Male) |
| 29:05 | Crear | Villager (Male) |
| 29:05 | Crear | Villager (Male) |
| 29:05 | Crear | Villager (Male) |
| 29:05 | Crear | Villager (Male) |
| 29:06 | Crear | Villager (Male) |
| 29:06 | Crear | Villager (Male) |
| 29:06 | Crear | Villager (Male) |
| 29:06 | Crear | Villager (Male) |
| 29:06 | Crear | Villager (Male) |
| 29:07 | Crear | Villager (Male) |
| 29:07 | Crear | Villager (Male) |
| 29:07 | Crear | Villager (Male) |
| 29:07 | Crear | Villager (Male) |
| 29:07 | Crear | Villager (Male) |
Build order — musaugal7
88 acciones detectadas en el replay
| 0:08 | Construir | House |
| 0:09 | Construir | House |
| 0:10 | Construir | House |
| 0:11 | Construir | House |
| 0:17 | Investigar | Loom |
| 0:17 | Crear | Villager (Male) |
| 0:18 | Crear | Villager (Male) |
| 0:18 | Crear | Villager (Male) |
| 0:18 | Crear | Villager (Male) |
| 0:18 | Crear | Villager (Male) |
| 1:28 | Construir | Mill |
| 2:03 | Crear | Villager (Male) |
| 2:03 | Crear | Villager (Male) |
| 2:03 | Crear | Villager (Male) |
| 2:39 | Crear | Villager (Male) |
| 2:39 | Crear | Villager (Male) |
| 2:59 | Crear | Villager (Male) |
| 2:59 | Crear | Villager (Male) |
| 3:31 | Crear | Villager (Male) |
| 3:32 | Crear | Villager (Male) |
| 3:32 | Crear | Villager (Male) |
| 4:16 | Crear | Villager (Male) |
| 4:17 | Crear | Villager (Male) |
| 4:17 | Crear | Villager (Male) |
| 4:17 | Crear | Villager (Male) |
| 5:21 | Crear | Villager (Male) |
| 5:21 | Crear | Villager (Male) |
| 5:22 | Crear | Villager (Male) |
| 5:22 | Crear | Villager (Male) |
| 6:11 | Crear | Villager (Male) |
| 6:11 | Crear | Villager (Male) |
| 6:12 | Crear | Villager (Male) |
| 6:12 | Crear | Villager (Male) |
| 6:48 | Construir | Lumber Camp |
| 8:11 | Construir | Lumber Camp |
| 8:26 | Crear | Villager (Male) |
| 8:26 | Crear | Villager (Male) |
| 8:26 | Crear | Villager (Male) |
| 8:57 | Construir | House |
| 8:59 | Construir | House |
| 9:00 | Construir | House |
| 9:02 | Construir | House |
| 9:04 | Construir | House |
| 9:05 | Construir | House |
| 10:37 | Investigar | Feudal Age |
| 11:18 | Construir | Barracks |
| 11:52 | Construir | Mining Camp |
| 12:05 | Construir | Mining Camp |
| 12:47 | Edad | Edad Feudal |
| 12:55 | Investigar | Man-at-Arms (upgrade) |
| 13:10 | Construir | Archery Range |
| 13:34 | Construir | Market |
| 13:52 | Crear | Skirmisher |
| 13:52 | Crear | Skirmisher |
| 13:53 | Crear | Skirmisher |
| 13:53 | Crear | Skirmisher |
| 13:53 | Crear | Skirmisher |
| 15:33 | Investigar | Wheelbarrow |
| 16:45 | Construir | Watch Tower |
| 18:18 | Construir | Mining Camp |
| 18:48 | Construir | Farm |
| 19:08 | Crear | Villager (Male) |
| 19:08 | Crear | Villager (Male) |
| 19:19 | Construir | Farm |
| 19:52 | Construir | Farm |
| 21:47 | Construir | Farm |
| 22:05 | Construir | Watch Tower |
| 22:14 | Crear | Villager (Male) |
| 22:14 | Crear | Villager (Male) |
| 22:14 | Crear | Villager (Male) |
| 22:47 | Construir | Farm |
| 23:21 | Construir | Farm |
| 23:41 | Construir | Farm |
| 23:48 | Construir | Farm |
| 24:18 | Crear | Villager (Male) |
| 24:18 | Crear | Villager (Male) |
| 24:19 | Crear | Villager (Male) |
| 24:19 | Crear | Villager (Male) |
| 24:19 | Crear | Villager (Male) |
| 24:20 | Crear | Villager (Male) |
| 24:53 | Investigar | Town Watch |
| 26:08 | Crear | Archer |
| 26:08 | Crear | Archer |
| 26:08 | Crear | Archer |
| 26:22 | Crear | Skirmisher |
| 26:23 | Crear | Skirmisher |
| 26:23 | Crear | Skirmisher |
| 26:23 | Crear | Skirmisher |
Build order — Cookie Monster
115 acciones detectadas en el replay
| 0:01 | Crear | Villager (Male) |
| 0:02 | Crear | Villager (Male) |
| 0:02 | Crear | Villager (Male) |
| 0:02 | Crear | Villager (Male) |
| 0:02 | Crear | Villager (Male) |
| 0:06 | Construir | House |
| 0:09 | Construir | House |
| 1:48 | Crear | Villager (Male) |
| 1:49 | Crear | Villager (Male) |
| 1:49 | Crear | Villager (Male) |
| 3:07 | Crear | Villager (Male) |
| 3:08 | Crear | Villager (Male) |
| 3:08 | Crear | Villager (Male) |
| 4:20 | Crear | Villager (Male) |
| 4:21 | Crear | Villager (Male) |
| 4:21 | Crear | Villager (Male) |
| 5:35 | Crear | Villager (Male) |
| 5:35 | Crear | Villager (Male) |
| 6:15 | Crear | Villager (Male) |
| 6:16 | Crear | Villager (Male) |
| 6:32 | Construir | House |
| 6:49 | Construir | Mill |
| 7:04 | Construir | Lumber Camp |
| 7:15 | Crear | Villager (Male) |
| 8:02 | Investigar | Feudal Age |
| 9:32 | Construir | Barracks |
| 10:20 | Crear | Villager (Male) |
| 10:20 | Crear | Villager (Male) |
| 10:26 | Crear | Villager (Male) |
| 10:29 | Edad | Edad Feudal |
| 10:36 | Construir | House |
| 10:40 | Construir | House |
| 11:56 | Construir | Stable |
| 12:26 | Crear | Villager (Male) |
| 12:26 | Crear | Villager (Male) |
| 12:37 | Construir | Farm |
| 12:51 | Construir | Farm |
| 13:20 | Construir | Farm |
| 13:28 | Investigar | Wheelbarrow |
| 14:11 | Investigar | Bloodlines |
| 14:33 | Construir | Mining Camp |
| 14:51 | Construir | Market |
| 15:02 | Crear | Scout Cavalry ×4 |
| 15:02 | Crear | Scout Cavalry ×4 |
| 15:02 | Crear | Scout Cavalry ×4 |
| 15:12 | Construir | Farm |
| 15:18 | Construir | Farm |
| 15:20 | Construir | Farm |
| 15:38 | Crear | Scout Cavalry |
| 15:50 | Construir | Farm |
| 15:52 | Construir | Farm |
| 16:25 | Investigar | Double-Bit Axe |
| 17:27 | Construir | Blacksmith |
| 17:39 | Construir | House |
| 17:40 | Construir | House |
| 17:43 | Construir | House |
| 17:45 | Construir | House |
| 17:52 | Crear | Scout Cavalry |
| 17:53 | Crear | Scout Cavalry |
| 18:24 | Investigar | Scale Barding Armor |
| 18:31 | Construir | Farm |
| 18:41 | Crear | Villager (Male) ×2 |
| 18:42 | Crear | Villager (Male) ×2 |
| 19:58 | Crear | Villager (Male) ×4 |
| 19:59 | Crear | Villager (Male) ×4 |
| 21:58 | Crear | Villager (Male) ×5 |
| 21:58 | Crear | Villager (Male) ×5 |
| 22:25 | Construir | Mining Camp |
| 23:48 | Construir | Market |
| 24:06 | Construir | Lumber Camp |
| 24:27 | Construir | Farm |
| 24:28 | Construir | Farm |
| 24:29 | Construir | Farm |
| 24:34 | Construir | Farm |
| 24:41 | Construir | Farm |
| 24:45 | Construir | Farm |
| 24:48 | Construir | Farm |
| 25:31 | Construir | Farm |
| 25:37 | Construir | Farm |
| 27:04 | Construir | Stone Wall |
| 27:11 | Construir | Gate |
| 27:28 | Crear | Scout Cavalry ×5 |
| 27:33 | Investigar | Castle Age |
| 28:20 | Crear | Villager (Male) |
| 28:22 | Crear | Villager (Male) |
| 28:29 | Crear | Scout Cavalry |
| 28:29 | Crear | Scout Cavalry |
| 28:29 | Crear | Scout Cavalry |
| 28:47 | Construir | House |
| 28:54 | Construir | House |
| 28:58 | Construir | House |
| 29:01 | Construir | House |
| 29:05 | Construir | House |
| 29:08 | Construir | House |
| 30:13 | Edad | Edad de los Castillos |
| 30:21 | Investigar | Chain Barding Armor |
| 30:28 | Investigar | Husbandry |
| 30:29 | Investigar | Light Cavalry (upgrade) |
| 31:00 | Crear | Knight ×5 |
| 31:00 | Crear | Knight ×5 |
| 31:01 | Crear | Knight ×5 |
| 31:01 | Crear | Knight ×4 |
| 31:23 | Construir | Stable |
| 31:25 | Construir | Stable |
| 31:27 | Construir | Stable |
| 33:27 | Crear | Knight ×5 |
| 33:28 | Crear | Knight ×5 |
| 33:28 | Crear | Knight ×5 |
| 33:28 | Crear | Knight ×5 |
| 33:28 | Crear | Knight ×5 |
| 33:29 | Crear | Knight ×3 |
| 35:13 | Crear | Knight ×5 |
| 35:13 | Crear | Knight ×5 |
| 35:13 | Crear | Knight ×5 |
| 35:14 | Crear | Knight ×3 |
Cronología de la partida
| 8:00 | SHOOTthatSNAKE · first_building Barracks |
| 9:32 | Cookie Monster · first_building Barracks |
| 10:29 | Cookie Monster · age_up feudal |
| 10:30 | SHOOTthatSNAKE · wall_segment Palisade Wall x15 |
| 11:02 | SHOOTthatSNAKE · age_up feudal |
| 11:18 | musaugal7 · first_building Barracks |
| 11:54 | Madeline · first_building Barracks |
| 11:56 | Cookie Monster · first_building Stable |
| 12:47 | musaugal7 · age_up feudal |
| 13:10 | musaugal7 · first_building Archery Range |
| 14:38 | SHOOTthatSNAKE · wall_segment Palisade Wall x14 |
| 15:06 | Madeline · age_up feudal |
| 18:30 | Madeline · first_building Archery Range |
| 18:51 | SHOOTthatSNAKE · wall_segment Palisade Wall x28 |
| 22:10 | SHOOTthatSNAKE · first_market_buy 100 food |
| 24:46 | Madeline · first_building Stable |
| 24:53 | SHOOTthatSNAKE · age_up castle |
| 27:04 | Cookie Monster · wall_segment Stone Wall x10 |
| 28:35 | musaugal7 · resign |
| 30:13 | Cookie Monster · age_up castle |
| 32:42 | Madeline · age_up castle |
| 33:40 | Madeline · first_building Castle |
| 35:29 | SHOOTthatSNAKE · first_building Castle |
[ ANÁLISIS IA · 1 CRÉDITO ]
¿Qué pasó realmente en esta partida?
Wolo.gg analiza cada decisión: build order, eco, micro, errores típicos por bracket. Análisis personalizado por WhatsApp o Discord en 30 segundos.
Guía civ
Wu
Guía mapa
Arabia
Perfil
Jugador #5046481